 Dungeon Crawl Stone Soup version 0.29-a0-322-g68df515428 (webtiles) character file.

Game seed: 17099284768802378118

2673 iguanaiguana the Magician (level 9, -1/52 HPs)
             Began as a Deep Elf Cinder Acolyte on Apr 6, 2022.
             Was a Priest of Ignis.
             Slain by a vampire mosquito (5 damage)
             ... on level 7 of the Dungeon on Apr 7, 2022.
             The game lasted 00:20:21 (6503 turns).

iguanaiguana the Magician (Deep Elf Cinder Acolyte) Turns: 6503, Time: 00:20:22

Health: -1/52      AC:  7    Str: 11    XL:     9   Next: 37%
Magic:  15/31      EV: 12    Int: 24    God:    Ignis [***...]
Gold:   263        SH:  0    Dex: 10    Spells: 21/23 levels left

rFire   + + +      SeeInvis .   h - staff of fire
rCold   . . .      Faith    .   (no shield)
rNeg    . . .      Spirit   .   u - +0 leather armour {rC+}
rPois   .          Reflect  .   e - +0 helmet
rElec   .          Harm     .   (no cloak)
rCorr   .          Rampage  .   (no gloves)
Will    .....                   j - +2 pair of boots
Stlth   +++.......              (no amulet)
HPRegen 0.17/turn               o - ring of fire
MPRegen 0.22/turn               x - ring of magical power

@: rising, flying
A: no striking features
a: Renounce Religion, Fiery Armour, Foxfire Swarm


You were on level 7 of the Dungeon.
You worshipped Ignis.
Ignis was most pleased with you.
You visited 1 branch of the dungeon, and saw 7 of its levels.
You also visited: Sewer.

You collected 263 gold pieces.

Inventory:

Hand Weapons
 a - a -1 short sword of flaming
 B - a +4 vampiric dagger
Missiles
 r - 4 atropa-tipped darts (quivered)
 w - 7 poisoned darts
 D - a throwing net
Armour
 e - a +0 helmet (worn)
 j - a +2 pair of boots (worn)
 u - a +0 leather armour of cold resistance (worn)
 G - the +1 leather armour of Tigauch {Harm rElec Str+3 Int+3}
   (You found it in a sewer)

   Str:       It affects your strength (+3).
   Int:       It affects your intelligence (+3).
   rElec:     It insulates you from electricity.
   Harm:      It increases damage dealt and taken.
Magical Staves
 h - a staff of fire (weapon)
Jewellery
 o - a ring of fire (left hand)
 x - a ring of magical power (right hand)
Wands
 b - a wand of flame (16)
 m - a wand of polymorph (13)
 C - a wand of iceblast (5) {@v2}
 F - a wand of mindburst (12)
Scrolls
 c - a scroll of teleportation {@r3}
 d - a scroll of enchant armour {unknown}
 g - a scroll of fog {unknown}
 n - a scroll of vulnerability {unknown}
 p - 2 scrolls of enchant weapon {unknown}
 s - a scroll of amnesia {unknown}
 t - a scroll of torment {unknown}
 v - 3 scrolls of immolation {unknown}
 y - a scroll of fear {unknown}
 z - a scroll of magic mapping {unknown}
Potions
 f - 2 potions of ambrosia
 i - a potion of mutation
 k - 2 potions of haste {@q4}
 l - 3 potions of curing {@q1}
 q - a potion of attraction {unknown}
 A - a potion of lignification {unknown}
 E - a potion of heal wounds {@q2}
 J - a potion of brilliance {unknown}
Miscellaneous
 I - a condenser vane


   Skills:
 + Level 4.4 Fighting
 - Level 3.0 Short Blades
 + Level 3.4 Armour
 + Level 5.0 Dodging
 + Level 5.5 Stealth
 * Level 7.5 Spellcasting
 - Level 7.0 Fire Magic
 + Level 4.8 Evocations


You had 21 spell levels left.
You knew the following spells:

 Your Spells              Type           Power      Damage    Failure   Level
a - Scorch                Fire           100%       2d10      1%          2

Your spell library contained the following spells:

 Spells                   Type           Power      Damage    Failure   Level
 Tukima's Dance           Hex            9%         N/A       26%         3
 Anguish                  Hex/Necr       4%         N/A       65%         4
 Enfeeble                 Hex            4%         N/A       100%        7


Dungeon Overview and Level Annotations

Branches:
Dungeon (7/15)             Temple (0/1) D:6           Sewer (visited)

Altars:
Uskayaw

Shops:
D:5 [

Annotations:
D:3 Sigmund


Message History

Your Dodging skill increases to level 5!
Casting: Scorch (safe; 1% risk of failure)
Confirm with . or Enter, or press ? or * to list all spells.
You feel a strong surge of power!
Flames lash the vampire mosquito.
The vampire mosquito is moderately damaged.
The vampire mosquito's fire resistance burns away.
The vampire mosquito is no longer more vulnerable to fire.
The vampire mosquito bites you.
The vampire mosquito draws strength from your injuries!
The vampire mosquito bites you but does no damage.
The vampire mosquito closely misses you.
The vampire mosquito bites you.
The vampire mosquito draws strength from your injuries!
The vampire mosquito bites you.
The vampire mosquito draws strength from your injuries!
The vampire mosquito bites you but does no damage.
Casting: Scorch (safe; 1% risk of failure)
Confirm with . or Enter, or press ? or * to list all spells.
You feel a strong surge of power!
Flames lash the vampire mosquito.
The vampire mosquito is moderately damaged.
The vampire mosquito's fire resistance burns away.
The vampire mosquito bites you!
* * * LOW HITPOINT WARNING * * *
The vampire mosquito draws strength from your injuries!
The vampire mosquito bites you.
* * * LOW HITPOINT WARNING * * *
The vampire mosquito draws strength from your injuries!
The vampire mosquito bites you but does no damage.
Okay, then.
You begin to rise into the air.
The vampire mosquito closely misses you.
The vampire mosquito bites you!
* * * LOW HITPOINT WARNING * * *
The vampire mosquito draws strength from your injuries!
The vampire mosquito bites you.
* * * LOW HITPOINT WARNING * * *
The vampire mosquito draws strength from your injuries!
The vampire mosquito closely misses you.
The vampire mosquito bites you.
You die...

... #..#
...!..#
#..#..#
..#..# #
....##.#
.....
#yy#
#@y#
#..#
#..#
#..#
#..#
#..#
#..#
#..#
####..#


You could see 3 vampire mosquitoes.

Vanquished Creatures
  A two-headed ogre (D:5)
  3 yaks (D:6)
  A vampire mosquito (D:7)
  A water moccasin (Sewer)
  2 ogres
  A centaur (D:6)
  A phantom (D:6)
  A kobold brigand (D:6)
  A bullfrog (D:6)
  2 necrophages
  2 scorpions (D:5)
  3 wights (D:6)
  A howler monkey (D:5)
  2 hounds
  2 orc priests
  A gnoll shaman (D:6)
  An iguana (D:4)
  4 orc wizards
  Natasha (thrice) (D:2)
  4 gnolls (D:6)
  3 adders
  2 ufetubi (D:4)
  A worm (D:6)
  3 dart slugs
  21 orcs
  8 ball pythons
  3 endoplasms
  4 giant cockroaches
  5 goblins
  A hobgoblin (D:4)
  2 quokkas
  A frilled lizard (D:3)
  11 kobolds
  12 rats
114 creatures vanquished.

Vanquished Creatures (others)
  37 foxfires
37 creatures vanquished.

Grand Total: 151 creatures vanquished

Notes
Turn   | Place    | Note
-------+----------+-------------------------------------------
     0 | D:1      | iguanaiguana the Deep Elf Cinder Acolyte began the quest
                  | for the Orb.
     0 | D:1      | Reached XP level 1. HP: 13/13 MP: 5/5
   514 | D:1      | Reached XP level 2. HP: 11/18 MP: 6/6
   621 | D:1      | Learned a level 2 spell: Scorch
  1089 | D:2      | Noticed Natasha
  1097 | D:2      | Killed Natasha
  1098 | D:2      | Reached XP level 3. HP: 17/22 MP: 0/7
  1194 | D:2      | Noticed Natasha
  1201 | D:2      | Killed Natasha
  1202 | D:2      | Reached skill level 5 in Fire Magic
  1310 | D:2      | Reached XP level 4. HP: 27/27 MP: 5/8
  1424 | D:2      | Noticed Natasha
  1429 | D:2      | Killed Natasha
  2635 | D:3      | Found a faded altar of an unknown god.
  2739 | D:3      | Reached XP level 5. HP: 31/31 MP: 4/9
  2817 | D:3      | Noticed a +0 falchion
  2819 | D:3      | Noticed a +0 spear
  2820 | D:3      | Noticed a +0 falchion
  2821 | D:3      | Noticed a +0 short sword
  2823 | D:3      | Noticed a +0 spear
  2823 | D:3      | Noticed a +0 dagger
  2824 | D:3      | Noticed a +0 dagger
  2824 | D:3      | Noticed a +0 short sword
  2828 | D:3      | Found a hide-covered altar of Uskayaw.
  2976 | D:3      | Noticed Sigmund
  3088 | D:4      | Noticed an ogre
  3091 | D:4      | Killed an ogre
  3092 | D:4      | Reached skill level 1 in Dodging
  3092 | D:4      | Reached skill level 1 in Stealth
  3092 | D:4      | Reached skill level 1 in Evocations
  3337 | D:4      | Reached XP level 6. HP: 36/36 MP: 1/10
  3411 | D:4      | You fall into a shaft and drop 1 floor!
  3411 | D:5      | Entered Level 5 of the Dungeon
  3473 | D:5      | Reached skill level 1 in Armour
  4383 | D:5      | Reached XP level 7. HP: 39/41 MP: 10/12
  4913 | D:5      | Noticed a two-headed ogre
  4922 | D:5      | Killed a two-headed ogre
  4923 | D:5      | Reached skill level 5 in Spellcasting
  4923 | D:5      | Reached XP level 8. HP: 47/47 MP: 17/17
  5291 | D:5      | Found Ceys Ity's Armour Boutique.
  5537 | D:6      | Reached XP level 9. HP: 49/52 MP: 20/20
  5640 | D:6      | Reached skill level 5 in Stealth
  5812 | D:6      | Found a staircase to the Ecumenical Temple.
  6000 | D:6      | Found a glowing drain.
  6005 | Sewer    | Entered a sewer
  6153 | Sewer    | Identified the +1 leather armour of Tigauch {Harm rElec
                  | Str+3 Int+3}
  6501 | D:7      | Reached skill level 5 in Dodging
  6503 | D:7      | Slain by a vampire mosquito

Illustrated notes

Levels and vault maps discovered:
D:1:      lightli_arrival_statuegarden, layout_loops_ring,
          chequers_serial_rivers_micro_d, st_stairs_2
D:2:      layout_rooms, uniq_natasha
D:3:      layout_rooms, nicolae_uskayaw_en_pointe, ebering_ecumenical_altar_box,
          uniq_sigmund
D:4:      layout_loops_cross, amcnicky_mini_pool_small
D:5:      layout_loops_ring, serial_shops, kennysheep_mini_moat
D:6:      layout_basic, minmay_temple_entry_ruins, portal_sewer_entry_e
D:7:      layout_basic, lemuel_another_geyser

Skill      XL: |  1  2  3  4  5  6  7  8  9 |
---------------+----------------------------+-----
Fire Magic     | 4 5 6 7 |  7.0
Dodging        | 1 2 3 4 5 |  5.0
Stealth        | 1 2 4 5 |  5.5
Evocations     | 1 2 3 4 |  4.8
Armour         | 1 2 3 |  3.4
Fighting       | 3 4 |  4.4
Spellcasting   | 2 5 6 7 |  7.5
Short Blades   | |  3.0

Action                   |  1- 3 |  4- 6 |  7- 9 || total
-------------------------+-------+-------+-------++-------
Melee: Short sword       |    20 |     1 |       ||    21
       Dagger            |       |     3 |     7 ||    10
       Staff             |       |       |    14 ||    14
Throw: Dart              |       |       |     3 ||     3
 Cast: Scorch            |    17 |    74 |    86 ||   177
Invok: Foxfire Swarm     |     2 |       |     1 ||     3
       Fiery Armour      |       |       |     1 ||     1
       Rising Flame      |       |       |     1 ||     1
  Use: Scroll            |       |     4 |     2 ||     6
       Potion            |       |     3 |     1 ||     4
Armor: Robe              |     5 |       |       ||     5
       Leather armour    |     1 |     8 |    29 ||    38
Dodge: Dodged            |    13 |     8 |    41 ||    62

Table legend: (Time is in decaauts)
 A = Elapsed time spent in this place.
 B = Non-inter-level travel time spent in this place.
 C = Inter-level travel time spent in this place.
 D = Time resting spent in this place.
 E = Time spent auto-exploring this place.
 F = Levels seen in this place.
 G = Mean time per level.
                   A        B        C        D        E       F      G
               +--------+--------+--------+--------+--------+-----+--------+
         Total |   6527 |   5837 |    690 |   1111 |   3892 |   8 |  815.9 |
       Dungeon |   6267 |   5577 |    690 |   1004 |   3797 |   7 |  895.3 |
         Sewer |    259 |    259 |      0 |    107 |     95 |   1 |  259.0 |
               +--------+--------+--------+--------+--------+-----+--------+

Top non-repeatable levels by time:
     D:4: 1243 daAuts
     D:2: 1205 daAuts
     D:5: 1064 daAuts
     D:1: 1047 daAuts
     D:6: 892 daAuts
     D:3: 793 daAuts
   Sewer: 259 daAuts
     D:7: 21 daAuts
